 Dungeon Crawl Stone Soup version 0.22-a0-825-ga28c36f (webtiles) character file.

6694 Amnesiac the Thaumaturge (level 10, -1/63 HPs)
             Began as a Mummy Earth Elementalist on July 24, 2018.
             Was a Believer of Vehumet.
             Slain by a two-headed ogre
             ... wielding a +0 giant club
              (15 damage)
             ... on level 9 of the Dungeon.
             The game lasted 00:15:28 (10138 turns).

Amnesiac the Thaumaturge (MuEE)                    Turns: 10138, Time: 00:15:29

Health: -1/63      AC:  7    Str: 12    XL:     10   Next: 74%
Magic:  2/25       EV: 13    Int: 17    God:    Vehumet [**....]
Gold:   615        SH:  0    Dex: 13    Spells: 16/31 levels left

rFire    . . .     SeeInvis .   b - +5 dagger (venom)
rCold    + . .     Gourm    .   (no shield)
rNeg     + + +     Faith    .   r - +1 ring mail {rF+}
rPois    ∞         Spirit   .   (no helmet)
rElec    .         Reflect  .   (no cloak)
rCorr    .         Harm     .   (no gloves)
MR       +....                  i - +0 pair of boots
Stlth    +.........             s - amulet of regeneration
HPRegen  0.60/turn              h - +3 ring of evasion
MPRegen  0.19/turn              d - ring of wizardry

@: no status effects
A: no food or potions, fire vulnerability, cold resistance 1, negative energy
resistance 3, torment resistance, unbreathing
a: Renounce Religion


You were on level 9 of the Dungeon.
You worshipped Vehumet.
Vehumet was pleased with you.
You were not hungry.

You visited 2 branches of the dungeon, and saw 10 of its levels.

You collected 615 gold pieces.

Inventory:

Hand Weapons
 a - a +4 dagger of draining
 b - a +5 dagger of venom (weapon)
 q - a +0 blowgun
Missiles
 c - 116 stones (quivered)
 o - 8 curare-tipped needles
Armour
 i - a +0 pair of boots (worn)
 m - the +2 chain mail of Ennui {rElec}
   (You found it on level 7 of the Dungeon)

   It insulates you from electricity.
 r - a +1 ring mail of fire resistance (worn)
 t - a +0 helmet
 v - the cursed +0 buckler of Amorality {*Contam rC++ Dex+4 Slay+5, unknown}
   (You found it on level 9 of the Dungeon)

   It affects your dexterity (+4).
   It affects your accuracy and damage with ranged weapons and melee attacks
   (+5).
   It greatly protects you from cold.
   It causes magical contamination when unequipped.
   It has a curse placed upon it.
Jewellery
 d - a ring of wizardry (right hand)
 e - the ring of Veghyq {rCorr +Fly rF+ Int-4}
   (You found it on level 5 of the Dungeon)

   [ring of resist corrosion]

   It affects your intelligence (-4).
   It protects you from fire.
   It lets you fly.
 h - a +3 ring of evasion (left hand)
 s - an amulet of regeneration (around neck)
Scrolls
 f - 3 scrolls of remove curse {!r}
 g - 7 scrolls of teleportation {!r}
 j - 5 scrolls of identify {!r}
 k - a scroll of fear {!r, unknown}
 l - 2 scrolls of blinking {!r}
 n - 2 scrolls of amnesia {!r}
 p - a scroll of magic mapping {!r}
 u - a scroll of enchant weapon {!r}


   Skills:
 - Level 1.5 Dodging
 - Level 1.5 Stealth
 + Level 11.4 Spellcasting
 - Level 0.7 Transmutations
 * Level 11.4 Earth Magic


You had 16 spell levels left.
You knew the following spells:

 Your Spells              Type           Power        Failure   Level  Hunger
a - Sandblast             Erth           #####.       1%          1    N/A
b - Passwall              Tmut/Erth      ####....     1%          2    N/A
c - Stone Arrow           Conj/Erth      ####..       1%          3    N/A
d - Lee's Rapid Deconstr  Erth           #####.....   1%          5    N/A
e - Petrify               Tmut/Erth      ####....     6%          4    N/A

Your spell library contained the following spells:

 Spells                   Type           Power        Failure   Level  Hunger


Dungeon Overview and Level Annotations

Branches:
Dungeon (9/15)             Temple (1/1) D:4            Lair (0/6) D:9
    Orc: D:9-12

Altars:
Ashenzari
Cheibriados
Dithmenos
Elyvilon
Fedhas
Gozag
Hepliaklqana
Kikubaaqudgha
Makhleb
Nemelex Xobeh
Okawaru
Qazlal
Ru
Sif Muna
Trog
Uskayaw
Vehumet
Wu Jian
Xom
Yredelemnul
Zin
The Shining One

Annotations:
D:4 Deathmic's ghost, amateur MiFi
D:9 Verendum's ghost, novice CeWr


Innate Abilities, Weirdness & Mutations

You do not eat or drink.
Your flesh is vulnerable to fire.
You are immune to poison.
Your flesh is cold resistant. (rC+)
You are immune to negative energy. (rN+++)
You are immune to unholy pain and torment.
You can survive without breathing.


Message History

Okay, then.
Casting: Lee's Rapid Deconstruction (safe; 1% risk of failure)
Confirm with . or Enter, or press ? or * to list all spells.
Aiming: Lee's Rapid Deconstruction (safe; 1% risk of failure)
Press: ? - help, Dir - move target cursor A crystal wall.
The crystal wall shatters!
Unknown command.
The elephant trumpets!
Casting: Lee's Rapid Deconstruction (safe; 1% risk of failure)
Confirm with . or Enter, or press ? or * to list all spells.
Aiming: Lee's Rapid Deconstruction (safe; 1% risk of failure)
Press: ? - help, Dir - move target cursor A rock wall.
The wall shatters!
The blast of rock fragments hits the ogre.
The ogre is almost dead.
The blast of rock fragments hits the two-headed ogre.
The two-headed ogre is moderately wounded.
Unknown command.
Casting: Lee's Rapid Deconstruction (safe; 1% risk of failure)
Confirm with . or Enter, or press ? or * to list all spells.
Aiming: Lee's Rapid Deconstruction (safe; 1% risk of failure)
Press: ? - help, Dir - move target cursor A rock wall.
The wall shatters!
The blast of rock fragments hits the two-headed ogre.
The two-headed ogre is moderately wounded.
The blast of rock fragments hits the ogre.
You kill the ogre!
Vehumet accepts your kill.
Casting: Lee's Rapid Deconstruction (safe; 1% risk of failure)
Confirm with . or Enter, or press ? or * to list all spells.
Aiming: Lee's Rapid Deconstruction (safe; 1% risk of failure)
Press: ? - help, Dir - move target cursor A rock wall.
The wall shatters!
The blast of rock fragments hits the elephant.
The elephant is heavily wounded.
The blast of rock fragments hits the two-headed ogre.
The two-headed ogre is heavily wounded.
Casting: Lee's Rapid Deconstruction (safe; 1% risk of failure)
Confirm with . or Enter, or press ? or * to list all spells.
Aiming: Lee's Rapid Deconstruction (safe; 1% risk of failure)
Press: ? - help, Dir - move target cursor A rock wall.
The wall shatters!
The blast of rock fragments hits the elephant.
The elephant is heavily wounded.
You hear a screech!
Casting: Lee's Rapid Deconstruction (safe; 1% risk of failure)
Confirm with . or Enter, or press ? or * to list all spells.
You don't have enough magic to cast that spell.
Unknown command.
You hit the two-headed ogre.
The two-headed ogre is heavily wounded.
The two-headed ogre hits you with a giant club!!
The two-headed ogre hits you with a great mace!
You hit the two-headed ogre.
The two-headed ogre is poisoned.
The two-headed ogre is heavily wounded.
The two-headed ogre hits you with a giant club!!
* * * LOW HITPOINT WARNING * * *
The two-headed ogre hits you with a great mace!
You die...

######.# #....###.###.# #. ###.##
##.##.!.......## #.
####....#####..>......##...# #.
#........#.#.###...##.##.#.# #.
#.#....................†.#.#####.
.....##............##....#....##.
########......##...##.#######....
##.....#.<...............#....###
.#.....#......##@##...##.#.####
.......#).....##O##.### #
##.....#......##Y##.#
##.....#...##.##.##.#
#...÷.#.....O...##.##
##.....######........#
.#.#.###.....O###.#..# #....#
######.# #.#..### #.#.### #.#
#.#....#


You could see an elephant and a two-headed ogre.

Vanquished Creatures
  The ghost of WinstonMain the Destroyer, a novice TeFE of Zin (D:6)
  A kobold demonologist (D:6)
  A queen bee (D:8)
  A hippogriff (D:9)
  2 basilisks (D:9)
  3 wraiths (D:8)
  Menkaure (D:5)
  An acid dragon (D:9)
  A hornet zombie (D:9)
  2 ice beasts
  An orc warrior (D:7)
  A sky beast (D:8)
  4 black bears
  A phantom (D:6)
  A necrophage (D:8)
  A centaur (D:7)
  3 ogres
  10 big kobolds (D:6)
  8 bullfrogs
  A water moccasin zombie (D:5)
  3 scorpions
  19 killer bees
  A bullfrog zombie (D:5)
  3 crimson imps
  4 human zombies (D:8)
  2 orc priests
  3 hounds (D:5)
  A jelly (D:7)
  Terence (D:3)
  5 iguanas
  An orc wizard (D:7)
  5 worker ants
  An ogre zombie (D:8)
  A hound zombie (D:8)
  A hound skeleton (D:5)
  A howler monkey zombie (D:5)
  2 worker ant zombies
  6 adders
  2 oozes
  4 worms
  5 dart slugs
  6 leopard geckos
  10 orcs
  A ball python (D:1)
  5 giant cockroaches
  6 goblins
  8 hobgoblins
  12 jackals
  5 quokkas
  6 bats
  10 frilled lizards
  3 kobolds (D:2)
  A leopard gecko skeleton (D:4)
  3 orc zombies (D:8)
  2 quokka zombies
  5 rats
199 creatures vanquished.

Vanquished Creatures (others)
  3 fungi (D:6)
  6 plants
9 creatures vanquished.

Grand Total: 208 creatures vanquished

Notes
Turn   | Place    | Note
-------+----------+-------------------------------------------
     0 | D:1      | Amnesiac the Mummy Earth Elementalist began the quest for the Orb.
     0 | D:1      | Reached XP level 1. HP: 13/13 MP: 4/4
   189 | D:1      | Reached XP level 2. HP: 16/19 MP: 5/5
   193 | D:1      | Learned a level 2 spell: Passwall
   407 | D:2      | Found an opulent altar of Gozag.
  1025 | D:4      | Noticed a scorpion
  1174 | D:4      | Reached XP level 3. HP: 12/24 MP: 2/7
  1497 | D:4      | Killed a scorpion
  1497 | D:4      | Reached XP level 4. HP: 20/30 MP: 0/8
  1592 | D:4      | Learned a level 3 spell: Stone Arrow
  1642 | D:4      | HP: 1/30 [worker ant (5)]
  1944 | D:4      | Found a runed door.
  2222 | D:4      | Found a staircase to the Ecumenical Temple.
  2311 | D:4      | Noticed Deathmic's ghost (amateur MiFi)
  2331 | D:5      | Entered Level 5 of the Dungeon
  2404 | D:5      | Reached skill level 5 in Earth Magic
  2404 | D:5      | Reached XP level 5. HP: 11/35 MP: 0/9
  2856 | D:5      | Reached XP level 6. HP: 41/41 MP: 4/10
  2862 | D:5      | Learned a level 4 spell: Petrify
  3313 | D:5      | Got a shimmering amber ring
  3314 | D:5      | Identified the ring of Veghyq {rCorr +Fly rF+ Int-4} (You found it on level 5 of the Dungeon)
  3330 | D:5      | Noticed Menkaure
  3342 | D:5      | Killed Menkaure
  3342 | D:5      | Reached skill level 5 in Spellcasting
  3342 | D:5      | Reached XP level 7. HP: 44/46 MP: 7/14
  3383 | D:5      | Learned a level 5 spell: Lee's Rapid Deconstruction
  3687 | D:6      | Found a runed gate.
  3689 | D:6      | Found a runed gate.
  3689 | D:6      | Found a runed gate.
  3689 | D:6      | Noticed WinstonMain's ghost (novice TeFE)
  3690 | D:6      | Noticed a kobold demonologist
  3861 | D:6      | Reached XP level 8. HP: 52/52 MP: 15/18
  5730 | D:7      | Got a pitted chain mail
  5884 | Temple   | Entered the Ecumenical Temple
  6079 | Temple   | Became a worshipper of Vehumet
  6168 | D:3      | Noticed Terence
  6176 | D:3      | Killed Terence
  6567 | D:1      | Reached * piety under Vehumet
  6567 | D:1      | Offered knowledge of Freeze by Vehumet.
  7101 | D:2      | Found a stormy altar of Qazlal.
  7577 | D:3      | Reached XP level 9. HP: 40/57 MP: 15/21
  7875 | D:3      | Identified the +2 chain mail of Ennui {rElec} (You found it on level 7 of the Dungeon)
  8178 | D:6      | Killed a kobold demonologist
  8181 | D:6      | Killed WinstonMain's ghost
  8209 | D:6      | Reached skill level 10 in Spellcasting
  8209 | D:6      | Reached skill level 10 in Earth Magic
  8511 | D:8      | Noticed a queen bee
  8543 | D:8      | Killed a queen bee
  8543 | D:8      | Reached XP level 10. HP: 44/63 MP: 10/24
  8770 | D:8      | Offered knowledge of Flame Tongue by Vehumet.
  8770 | D:8      | Reached ** piety under Vehumet
  8931 | D:8      | Found a basalt altar of Yredelemnul.
  9329 | D:9      | Found a staircase to the Lair.
  9329 | D:9      | Noticed an elephant
  9563 | D:9      | Offered knowledge of Dazzling Spray by Vehumet.
  9603 | D:9      | Found a runed door.
  9603 | D:9      | Found a shimmering altar of Xom.
  9603 | D:9      | Noticed Verendum's ghost (novice CeWr)
  9603 | D:9      | Noticed a rapier of chaos
  9694 | D:9      | Got a shimmering buckler
  9938 | D:9      | Noticed a two-headed ogre
 10109 | D:9      | Found an ornate altar of the Wu Jian Council.
 10110 | D:9      | Found an iron altar of Okawaru.
 10138 | D:9      | Slain by a two-headed ogre

Vault maps used:
D:1:      lightli_arrival_flooded_house
D:2:      nicolae_overflow_hidden_temple, minmay_misc_feat_encased, st_stairs_4,
          kennysheep_decorative_pillar, wad_floor_pattern_1,
          grunt_qazlal_sundering
D:3:      minmay_misc_feat_four_crosses, uniq_terence
D:4:      lemuel_temple_firewalk_b, ebering_ghost_reflecting_pool
D:5:      first_ration, minmay_lizard_king, uniq_menkaure
D:6:      gammafunk_ghost_nasty_kobolds
D:8:      lemuel_mausoleum_altar_yredelemnul, david_nohive_1
D:9:      gammafunk_temple_overflow_statue, david_lair_generic,
          ebering_ghost_xom, minmay_crystal_room
Temple:   dpeg_five_rooms_temple

Skill      XL: |  1  2  3  4  5  6  7  8  9 10 |
---------------+-------------------------------+-----
Earth Magic    | 3 4 5 6 8 10 11 | 11.4
Spellcasting   | 5 6 8 10 11 | 11.4
Dodging        | |  1.5
Stealth        | |  1.5
Transmutations | |  0.7

Action                   |  1- 3 |  4- 6 |  7- 9 | 10-12 || total
-------------------------+-------+-------+-------+-------++-------
Melee: Dagger            |    63 |    52 |   198 |   140 ||   453
 Cast: Sandblast         |    22 |    81 |   129 |    50 ||   282
       Passwall          |     5 |       |     5 |       ||    10
       Lee's Rapid Decon |       |       |    13 |    15 ||    28
       Petrify           |       |       |     2 |     5 ||     7
  Use: Scroll            |       |     3 |     7 |       ||    10
 Stab: Sleeping          |       |       |     1 |     1 ||     2
       Petrified         |       |       |       |    24 ||    24
       Petrifying        |       |       |       |     1 ||     1
Armor: Robe              |    13 |    16 |    35 |       ||    64
       Ring mail         |       |       |     7 |    57 ||    64
Dodge: Dodged            |    39 |    82 |   221 |   115 ||   457
Block: Other             |       |       |    11 |     2 ||    13
       Reflection        |       |       |     1 |       ||     1

Table legend:
 A = Spawn XP
 B = Non-spawn XP
 C = Spawn XP percentage of total XP
 D = Spawn monster count
 E = Non-spawn monster count
 F = Spawn count percentage of total count
 G = Total turns spent on level
                    A         B        C        D         E        F      G
               +---------+---------+-------+---------+---------+-------+---------
         Total |       0 |    9563 |   0.0 |       0 |     199 |   0.0 | 10138
               +---------+---------+-------+---------+---------+-------+---------
           D:1 |       0 |      50 |   0.0 |       0 |      23 |   0.0 |   884
           D:2 |       0 |      59 |   0.0 |       0 |      22 |   0.0 |   570
           D:3 |       0 |     127 |   0.0 |       0 |      15 |   0.0 |  1288
           D:4 |       0 |     116 |   0.0 |       0 |       6 |   0.0 |  1778
           D:5 |       0 |     722 |   0.0 |       0 |      24 |   0.0 |  1112
           D:6 |       0 |    2925 |   0.0 |       0 |      25 |   0.0 |   875
           D:7 |       0 |     965 |   0.0 |       0 |      24 |   0.0 |  1700
           D:8 |       0 |    2963 |   0.0 |       0 |      44 |   0.0 |  1012
           D:9 |       0 |    1636 |   0.0 |       0 |      16 |   0.0 |   674
               +---------+---------+-------+---------+---------+-------+---------
